AoeStats
← Marts

Pilgrims

508012715Analyzed
2v2 RM · 13d ago on Sep 20, 2026· 31m 7s· 4 players
Game mode
Random Map
Map size
Medium (4 player)
Population
200
Speed
Normal
Resources
Standard
Victory
Conquest
Starting age
Dark Age
Ending age
Imperial Age
RankedLock teamsTeams togetherTeam positionsShared explorationLock speedFull tech treeHidden civsTurbo modeCheats
Victory
Defeat
🇫🇷 Celts · France
1403
+15
🇬🇧 Berbers · United Kingdom
1397
+15
🇩🇪 Armenians · Germany
1382
-15
🇦🇷 Goths · Argentina
1378
-15
aReIF
3:31 Loom
10:10 Feudal Age
13:31 Wheelbarrow
13:12 Gold Mining
15:41 Castle Age
14:47 Stone Mining
15:19 Double-Bit Axe
22:29 Fletching
23:05 Town Watch
24:41 Horse Collar
26:35 Scale Mail Armor
dubidubi
2:54 Loom
12:34 Feudal Age
13:18 Double-Bit Axe
17:18 Castle Age
17:21 Pikeman
19:51 Medium Warships
21:54 Forging
24:40 Iron Casting
25:43 Wheelbarrow
28:09 Town Watch
28:30 Squires
28:35 Scale Mail Armor
29:18 Horse Collar
29:35 Stone Mining
30:12 Bow Saw
29:41 Man-at-Arms
30:07 Gambesons
31:18 Chain Mail Armor
31:16 Fletching
Russell Edgington
7:35 Loom
9:37 Feudal Age
10:23 Double-Bit Axe
15:23 Scale Barding Armor
15:28 Forging
18:04 Bloodlines
21:36 Castle Age
20:00 Gold Mining
21:57 Light Cavalry
22:38 Husbandry
22:59 Chain Barding Armor
22:50 Bow Saw
22:21 Horse Collar
24:48 Wheelbarrow
27:15 Heavy Plow
28:25 Ballistics
28:15 Fletching
31:00 Hand Cart
Marts
10:41 Feudal Age
11:36 Double-Bit Axe
15:17 Castle Age
16:25 Medium Warships
16:27 Bow Saw
17:11 Horse Collar
17:30 Fishing Lines
18:19 Loom
19:19 Gillnets
20:56 Wheelbarrow
22:53 Scale Mail Armor
23:04 Forging
23:55 Chain Mail Armor
24:21 Hand Cart
24:20 Gold Mining
24:47 Town Watch
29:14 Imperial Age
28:53 Iron Casting
28:31 Stone Mining
28:38 Gambesons
28:40 Arson
29:13 Heavy Plow
30:32 Plate Mail Armor
30:35 Capped Ram
Connection lost

Rejoining the realm…

Still unreachable

The connection could not be restored.

Session expired

The server has moved on; the page needs a fresh start.